cohdb
Replays
Latest Replays
All Replays
Popular Replays
Top Player Replays
Match Explorer
How It Works
Community
CoH3 Stats
Reddit
Sign in to upload your games and track your stats! →
Sign in with Steam
Match 45974194
Unlisted
Match 45974194
Overview
Messages
Build Orders
End
Selects Italian Combined Arms Battlegroup
Selects Bersaglieri Squad
Bersaglieri Squad
Panzergrenadier Squad
Bersaglieri Squad
Bersaglieri Squad
Bersaglieri Squad
Bersaglieri Squad
Selects Semovente da 75/18 Assault Gun
Bersaglieri Squad
Selects Carro Armato M13/40 Light Tank
Carro Armato M13/40 Light Tank
Carro Armato M13/40 Light Tank
Semovente da 75/18 Assault Gun
Fultre
Phoenixso
皮皮大仙
IoannSahin
gtmike
Abeli
牧目漁洋雨
tney2349
0
0
Comments
sign in to comment!
No comments posted yet!